 Dungeon Crawl Stone Soup version 0.27-a0-1191-g601b473118 (webtiles) character file.

Game seed: 13139434240342159461

101262 streetpizza the Fencer (level 16, -2/128 (134) HPs)
             Began as a Merfolk Gladiator on May 21, 2021.
             Was the Champion of Okawaru.
             Slain by a chaos spawn (6 damage)
             ... summoned by an orc sorcerer
             ... led by an orc warlord
             ... while paralysed by an orc sorcerer
             ... on level 2 of the Orcish Mines on May 25, 2021.
             The game lasted 02:17:47 (31350 turns).

streetpizza the Fencer (Merfolk Gladiator)         Turns: 31350, Time: 02:17:52

HP:   -2/128 (134)  AC: 15    Str: 16    XL:     16   Next: 30%
MP:   24/24         EV:  2    Int: 19    God:    Okawaru [******]
Gold: 2106          SH:  0    Dex: 23    Spells: 15/15 levels left

rFire    + . .     SeeInvis .   K - +11 plutonium sword {Contam Stlth-}
rCold    + + .     Faith    .   (shield currently unavailable)
rNeg     . . .     Spirit   .   V - +0 steam dragon scales
rPois    +         Reflect  .   c - +1 helmet {Int+3}
rElec    .         Harm     .   H - scarf {rC+ rF+}
rCorr    .         Rampage  +   f - +2 pair of gloves {Dex+3}
Will     +....                  z - +0 pair of boots
Stlth    +.........             G - amulet "Hucytuaso" {Acrobat Rampage Int+4 Slay+2}
HPRegen  0.31/turn              m - +4 ring of protection
MPRegen  0.19/turn              q - ring of poison resistance

@: paralysed, lightly drained
A: (nimble swimmer 2), mertail, clever 2, cold resistance 1, no potion heal 1,
MP-powered wands
a: Renounce Religion, Heroism, Finesse


You were on level 2 of the Orcish Mines.
You worshipped Okawaru.
Okawaru was exalted by your worship.
You visited 4 branches of the dungeon, and saw 24 of its levels.
You also visited: Sewer and Gauntlet.

You collected 2106 gold pieces.

Inventory:

Hand Weapons
 K - the +11 plutonium sword (weapon) {Contam Stlth-}
   (You found it on level 8 of the Dungeon)

   It causes magical contamination when unequipped.
   It makes you less stealthy.
 S - a +5 bardiche of flaming
Missiles
 d - 5 throwing nets
 o - 5 atropa-tipped darts
 p - 83 poisoned darts (quivered)
 J - 7 boomerangs of dispersal
Armour
 c - a +1 helmet of intelligence (worn)
 f - a +2 pair of gloves of dexterity (worn)
 z - a +0 pair of boots (worn)
 H - a scarf of resistance (worn)
 N - the +0 pair of gloves of Carunloku {rC+}
   (You found it in a Gauntlet)

   It protects you from cold.
 V - +0 steam dragon scales (worn)
Magical Staves
 w - a staff of cold
Jewellery
 a - a ring of willpower
 m - a +4 ring of protection (left hand)
 q - a ring of poison resistance (right hand)
 G - the amulet "Hucytuaso" (around neck) {Acrobat Rampage Int+4 Slay+2}
   (You found it in a Gauntlet)

   [amulet of the acrobat]

   It increases your evasion while moving and waiting.
   It affects your intelligence (+4).
   It affects your accuracy and damage with ranged weapons and melee attacks
   (+2).
   It bestows one free step when moving towards enemies.
 L - an amulet of magic regeneration
 Z - a ring of resist corrosion
Wands
 x - a wand of iceblast (21)
 O - a wand of acid (24)
 P - a wand of mindburst (15)
 T - a wand of flame (52)
 W - a wand of paralysis (25)
 Y - a wand of digging (8)
Scrolls
 b - 3 scrolls of identify
 e - 2 scrolls of fog
 i - 4 scrolls of vulnerability
 n - 2 scrolls of blinking
 r - 5 scrolls of fear
 t - a scroll of brand weapon
 u - a scroll of torment
 v - a scroll of acquirement {unknown}
 y - 2 scrolls of teleportation
 A - 2 scrolls of magic mapping
 C - 5 scrolls of immolation
 I - 5 scrolls of enchant weapon
 R - 3 scrolls of amnesia
 U - a scroll of silence {unknown}
Potions
 g - 3 potions of lignification
 h - 10 potions of curing
 j - a potion of haste
 k - a potion of mutation
 l - 5 potions of might
 s - 3 potions of invisibility
 B - 6 potions of attraction
 E - 4 potions of flight
 F - 4 potions of brilliance
 M - 2 potions of resistance
 Q - a potion of berserk rage
 X - a potion of cancellation {unknown}
Miscellaneous
 D - a phantom mirror


   Skills:
 + Level 14.6 Fighting
 * Level 17.2 Long Blades
 - Level 10.8 Polearms
 - Level 2.0 Throwing
 + Level 17.1 Dodging
 - Level 10.7 Invocations
 + Level 6.6 Evocations


You had 15 spell levels left.
You didn't know any spells.
Your spell library contained the following spells:

 Spells                   Type           Power      Damage    Failure   Level
 Corona                   Hex            0%         N/A       21%         1
 Freeze                   Ice            0%         1d3       21%         1
 Magic Dart               Conj           0%         1d3       21%         1
 Summon Small Mammal      Summ           0%         N/A       21%         1
 Blink                    Tloc           N/A        N/A       30%         2
 Call Imp                 Summ           0%         N/A       30%         2
 Ensorcelled Hibernation  Hex/Ice        0%         N/A       30%         2
 Slow                     Hex            0%         N/A       30%         2
 Call Canine Familiar     Summ           0%         N/A       52%         3
 Confusing Touch          Hex            0%         N/A       52%         3
 Conjure Flame            Conj/Fire      0%         6-21      52%         3
 Dazzling Flash           Conj/Hex       0%         N/A       52%         3
 Frozen Ramparts          Ice            0%         1d2       52%         3
 Gell's Gravitas          Tloc           0%         N/A       52%         3
 Mephitic Cloud           Conj/Pois/Air  0%         N/A       52%         3
 Ozocubu's Armour         Ice            0%         N/A       52%         3
 Summon Guardian Golem    Hex/Summ       0%         N/A       52%         3
 Tukima's Dance           Hex            0%         N/A       52%         3
 Hailstorm                Conj/Ice       0%         3d3       90%         4
 Petrify                  Tmut/Erth      0%         N/A       90%         4
 Summon Ice Beast         Ice/Summ       0%         N/A       90%         4
 Summon Lightning Spire   Summ/Air       0%         N/A       90%         4
 Metabolic Englaciation   Hex/Ice        0%         N/A       99%         5
 Silence                  Hex/Air        0%         N/A       99%         5
 Yara's Violent Unravell  Hex/Tmut       0%         3d3       99%         5
 Conjure Ball Lightning   Conj/Air       0%         3x3d6     100%        6
 Tornado                  Air            0%         N/A       100%        9


Dungeon Overview and Level Annotations

Branches:
Dungeon (15/15)            Temple (1/1) D:5            Lair (6/6) D:9
 Shoals (0/4) Lair:3       Spider (0/4) Lair:4        Slime (0/5) Lair:5
    Orc (2/2) D:11            Elf (0/3) Orc:2        Vaults (0/5) D:14
 Depths (0/5) D:15          Sewer (visited)         Gauntlet (visited)

Altars:
Ashenzari
Cheibriados
Dithmenos
Elyvilon
Fedhas
Gozag
Hepliaklqana
Kikubaaqudgha
Makhleb
Nemelex Xobeh
Okawaru
Qazlal
Ru
Sif Muna
Trog
Uskayaw
Vehumet
Wu Jian
Xom
Yredelemnul
Zin
The Shining One
Beogh

Shops:
D:7 *   D:11 *   Orc:2 [


Innate Abilities, Weirdness & Mutations

((You are quick and stealthy near water. (Stealth+, EV+, Speed+++)))
Your lower body shifts to a powerful aquatic tail in water.
Your mind is very acute. (Int +4)
Your flesh is cold resistant. (rC+)
Potions are less effective at restoring your health.
You expend magic power (3 MP) to strengthen your wands.


Message History

You hear a shout!
Items here: )) [[ †.
Unknown command.
An orc comes into view. It is wielding a +0 dagger.
The orc shouts!
You hear a shout! x2
An orc comes into view. It is wielding a +0 hand axe.
The orc warlord roars a battlecry!
The orcs go into a battle-frenzy!
An orc comes into view. It is wielding a +0 club.
The orc warrior completely misses you.
An orc comes into view. It is wielding a +0 club.
The orc warrior completely misses you.
The orc throws a boomerang.
The boomerang completely misses you.
An orc comes into view. It is wielding a +0 hand axe.
The orc warrior misses you.
The orc throws a boomerang.
The boomerang completely misses you.
An orc comes into view. It is wielding a +0 flail.
The orc sorcerer gestures at you while chanting.
You suddenly lose the ability to move!
The orc sorcerer gestures wildly while chanting.
The ynoxinul gestures at you. The iron shot hits you!
The orc sorcerer gestures at you while chanting.
The bolt of negative energy hits you!!
You feel drained.
The orc warrior hits you from afar with a +0 halberd!!
* * * LOW HITPOINT WARNING * * *
The ynoxinul hits you.
* * * LOW HITPOINT WARNING * * *
The orc sorcerer mumbles some strange words.
The orc warrior hits you from afar with a +0 halberd.
* * * LOW HITPOINT WARNING * * *
The ynoxinul hits you but does no damage.
The orc sorcerer hits you with a +0 dagger.
* * * LOW HITPOINT WARNING * * *
The orc warrior hits you from afar with a +0 halberd!!
* * * LOW HITPOINT WARNING * * *
The ynoxinul hits you.
* * * LOW HITPOINT WARNING * * *
The chaos spawn gores you.
You die...

##
#......#)##..#...#.......####
. ###....####............#.#
# #.......# #..............#
## #.#'###.#
##.#...........####
.####.#)).#.#
#.#.....#.........
...##.#)8.#.#
#...#<...#.........
##.#..#._.#.#
##.................
#....#####.#
#4.##########.....
#....))....# ##@# ###...
#...######## #o3# ##.. #....#
##.###o#### . #..
+#)).#####...#oh#.8##'# ##.
......##.#....8o'.o.oo. #.
......#........o'..oo.. #.
.....###......8o'.....o #.
......#......#))#.8##'# #.
..............).#### . #..


You could see a ynoxinul (summoned), a chaos spawn (summoned), a warg, an orc
sorcerer (strong), an orc warrior (strong) and 4 orcs.

Vanquished Creatures
  Kirke (D:13)
  Frances (D:13)
  Gastronok (D:9)
  Donald (Orc:2)
  A minotaur (Gauntlet)
  A bunyip (D:11)
  A dire elephant (Gauntlet)
  The ghost of Ippog the Imperceptible, a journeyman SpEn of Gozag (D:13)
  3 fire dragons
  Harold (Lair:2)
  8 hydras
  A boulder beetle (D:12)
  An ogre mage (D:14)
  A rakshasa (D:14)
  4 centaur warriors
  A tengu warrior (D:13)
  5 two-headed ogres
  A catoblepas (Lair:3)
  2 death knights (D:15)
  Erica (Orc:1)
  8 death yaks (Lair:2)
  Urug (D:10)
  A fire crab (Gauntlet)
  4 skeletal warriors
  A death drake (Lair:4)
  A swamp dragon (D:13)
  A wizard (D:14)
  A deep elf pyromancer (D:13)
  A lindwurm (Lair:6)
  A phantasmal warrior (D:15)
  An orb spider (Lair:4)
  6 ugly things
  2 manticores (D:15)
  2 centaur zombies
  11 elephants
  3 cyclopes
  7 black mambas
  A merfolk siren (Lair:3)
  11 cane toads
  Maggie (D:10)
  2 gargoyles (D:11)
  2 molten gargoyles (Lair:6)
  A torpor snail (Lair:6)
  A yaktaur (Lair:3)
  3 rime drakes
  11 komodo dragons
  2 unseen horrors
  2 tengu conjurers (D:13)
  5 freezing wraiths
  8 trolls
  3 polar bears
  21 blink frogs
  11 slime creatures
  A hornet (D:13)
  Prince Ribbit (D:9)
  12 dream sheep
  A snapping turtle (Lair:5)
  2 spriggans (D:13)
  A shadow (D:8)
  2 hogs (D:13)
  10 wyverns
  4 wraiths
  2 fire bats (Gauntlet)
  12 basilisks
  A golden eye (Lair:5)
  69 yaks
  2 steam dragons
  11 vampire mosquitoes
  A swamp worm (Lair:4)
  3 acid dragons
  5 hell hounds (Lair:6)
  A floating eye (Lair:4)
  9 water moccasins
  Purgy (Sewer)
  A swamp drake (Lair:6)
  3 ice beasts
  12 orc warriors
  A black bear (shapeshifter) (D:14)
  3 black bears
  9 ogres
  A tengu (Lair:6)
  7 boggarts
  A necrophage (D:7)
  24 wolves
  10 centaurs
  3 phantoms
  A gnoll sergeant (D:10)
  10 bullfrogs
  2 scorpions
  2 howler monkeys (D:6)
  3 wights (D:8)
  5 lava snakes (Lair:6)
  3 hounds
  3 jellies
  20 orc priests
  3 gnoll shamans
  2 iguanas
  19 orc wizards
  A mummy (D:9)
  17 gnolls
  A river rat (Orc:2)
  7 adders
  4 white imps
  2 adder skeletons (D:4)
  3 worms
  A dart slug (D:3)
  64 orcs
  8 bats
  3 endoplasms
  3 giant cockroaches
  2 hobgoblins (D:1)
  4 kobolds
  3 quokkas
  12 ball pythons
  7 frilled lizards
  6 goblins
  5 rats
626 creatures vanquished.

Vanquished Creatures (others)
  3 humans (D:13)
  28 fungi
  26 plants
57 creatures vanquished.

Grand Total: 683 creatures vanquished

Notes
Turn   | Place    | Note
-------+----------+-------------------------------------------
     0 | D:1      | streetpizza the Merfolk Gladiator began the quest for the
                  | Orb.
     0 | D:1      | Reached XP level 1. HP: 16/16 MP: 1/1
   303 | D:1      | Reached XP level 2. HP: 23/23 MP: 2/2
   533 | D:1      | Found a faded altar of an unknown god.
  1272 | D:2      | Reached XP level 3. HP: 27/28 MP: 3/3
  1318 | D:2      | Reached skill level 5 in Polearms
  1747 | D:3      | Found a white marble altar of Elyvilon.
  1811 | D:3      | Reached skill level 5 in Dodging
  1811 | D:3      | Reached XP level 4. HP: 17/35 MP: 4/4
  1985 | D:3      | Found an ornate altar of the Wu Jian Council.
  2750 | D:4      | Noticed a scorpion
  2762 | D:4      | Killed a scorpion
  2763 | D:4      | Reached XP level 5. HP: 42/42 MP: 5/5
  3266 | D:4      | Reached XP level 6. HP: 43/48 MP: 6/6
  3562 | D:5      | Entered Level 5 of the Dungeon
  3563 | D:5      | Noticed an orc warrior
  4025 | D:5      | Found an iron altar of Okawaru.
  4026 | D:5      | Found a shimmering blue altar of Sif Muna.
  4026 | D:5      | Found a hide-covered altar of Uskayaw.
  4539 | D:5      | Reached skill level 5 in Fighting
  4539 | D:5      | Reached XP level 7. HP: 56/56 MP: 7/7
  4731 | D:5      | Found a staircase to the Ecumenical Temple.
  4747 | Temple   | Entered the Ecumenical Temple
  4792 | Temple   | Upgraded the game from 0.27-a0-1188-g73eefd5def to
                  | 0.27-a0-1191-g601b473118
  5246 | D:5      | Became a worshipper of Warmaster Okawaru
  5934 | D:6      | Gained mutation: Your mind is acute. (Int +2) [potion of
                  | mutation]
  5934 | D:6      | Gained mutation: Potions are less effective at restoring
                  | your health. [potion of mutation]
  5934 | D:6      | Gained mutation: Your mind is very acute. (Int +4) [potion
                  | of mutation]
  5967 | D:6      | Reached * piety under Okawaru
  5968 | D:6      | Reached XP level 8. HP: 34/64 MP: 8/8
  6201 | D:6      | Found a bloodstained altar of Trog.
  6267 | D:6      | Found a glowing drain.
  6281 | Sewer    | Entered a sewer
  6583 | Sewer    | Noticed Purgy
  6644 | Sewer    | Killed Purgy
  7854 | D:7      | Reached skill level 10 in Polearms
  7854 | D:7      | Reached XP level 9. HP: 57/72 MP: 9/9
  7948 | D:7      | Identified the +4 falchion "Meoplud" {vorpal, rC+ Dex+4}
  8044 | D:7      | Reached ** piety under Okawaru
  8145 | D:7      | Found Zin's Purification Station.
  8147 | D:7      | Found a glowing silver altar of Zin.
  8221 | D:7      | Noticed a troll
  8868 | D:8      | Reached skill level 10 in Dodging
  9006 | D:8      | Found the +11 plutonium sword {Contam Stlth-}
  9077 | D:8      | Reached skill level 1 in Long Blades
  9274 | D:8      | Reached skill level 1 in Invocations
  9567 | D:9      | Noticed Gastronok
  9573 | D:9      | HP: 2/74 [Gastronok (12)]
  9579 | D:9      | Killed Gastronok
  9579 | D:9      | Reached *** piety under Okawaru
  9579 | D:9      | Reached **** piety under Okawaru
  9579 | D:9      | Reached ***** piety under Okawaru
  9580 | D:9      | Reached skill level 5 in Long Blades
  9580 | D:9      | Reached XP level 10. HP: 5/82 MP: 8/12
  9977 | D:9      | Noticed an elephant
  9978 | D:9      | Found a staircase to the Lair.
  9994 | D:8      | Killed an elephant
 10477 | D:9      | Noticed Maurice
 10709 | D:9      | Noticed Maurice
 10709 | D:9      | Maurice changed into Maurice the bat
 10710 | D:9      | Killed Maurice the bat
 10897 | D:9      | Noticed Prince Ribbit
 10908 | D:9      | Killed Prince Ribbit
 10908 | D:9      | Received a gift from Okawaru
 11186 | D:9      | Found a snail-covered altar of Cheibriados.
 11240 | D:9      | Noticed a two-headed ogre
 11249 | D:9      | Killed a two-headed ogre
 11250 | D:9      | Reached skill level 5 in Invocations
 11250 | D:9      | Reached XP level 11. HP: 84/90 MP: 14/14
 11581 | D:10     | Entered Level 10 of the Dungeon
 11736 | D:10     | Reached skill level 10 in Fighting
 11766 | D:10     | Identified the +1 great sword of Prudence {elec, *Rage
                  | rElec Str+4 Dex+4} (Okawaru gifted it to you on level 10 of
                  | the Dungeon)
 11766 | D:10     | Received a gift from Okawaru
 11778 | D:10     | Noticed Erolcha
 11782 | D:10     | Noticed Erolcha
 11783 | D:10     | Killed Erolcha the wyvern
 12083 | D:10     | Found a shadowy altar of Dithmenos.
 12084 | D:10     | Noticed Urug
 12097 | D:10     | Killed Urug
 12714 | D:10     | Noticed Maggie
 12717 | D:10     | Paralysed by Maggie for 5 turns
 12724 | D:10     | Killed Maggie
 12725 | D:10     | Noticed a two-headed ogre
 12734 | D:10     | Killed a two-headed ogre
 13177 | D:11     | Identified the +1 hand axe of the Crushed Persimmons
                  | {antimagic, Dex+2}
 13470 | D:11     | Found a staircase to the Orcish Mines.
 13546 | D:11     | Received a gift from Okawaru
 13620 | D:11     | Reached skill level 10 in Long Blades
 13721 | D:11     | Found Dutanyrch's Pet Rocks.
 13731 | D:11     | Reached XP level 12. HP: 99/99 MP: 14/17
 13956 | D:11     | Noticed a four-headed hydra
 13966 | D:11     | Noticed a bunyip
 13966 | D:11     | an eight-headed hydra changed into a bunyip
 13975 | D:11     | Killed a bunyip
 14142 | D:11     | Reached ****** piety under Okawaru
 14291 | D:12     | Noticed a seven-headed hydra
 14316 | D:12     | Noticed a boulder beetle
 14319 | D:12     | Noticed a two-headed ogre
 14375 | D:12     | Noticed a two-headed ogre
 14383 | D:12     | Killed a two-headed ogre
 14687 | D:12     | Killed a boulder beetle
 14733 | D:12     | Killed a two-headed ogre
 14925 | D:12     | Received a gift from Okawaru
 15397 | D:13     | Noticed a centaur warrior
 15412 | D:13     | Killed a centaur warrior
 15459 | D:13     | Noticed a tengu warrior
 15470 | D:13     | Killed a tengu warrior
 15916 | D:13     | Noticed Kirke
 15930 | D:13     | Killed Kirke
 15931 | D:13     | Reached XP level 13. HP: 107/107 MP: 17/19
 16435 | D:13     | Noticed Frances
 16502 | D:13     | Killed Frances
 16813 | D:13     | Noticed Nessos
 16823 | D:13     | Noticed Nessos
 16823 | D:13     | Nessos changed into Nessos the swamp dragon
 16826 | D:13     | Killed Nessos the swamp dragon
 16826 | D:13     | Identified the +5 glaive of the Dancing Pariah {elec, rC+++
                  | Will- Str-5 Stlth+} (Okawaru gifted it to you on level 13
                  | of the Dungeon)
 16826 | D:13     | Received a gift from Okawaru
 16909 | D:13     | Identified the +1 ring mail of Rationality {Rampage rC+
                  | Stlth+}
 17144 | D:13     | Found a runed translucent door.
 17145 | D:13     | Noticed Ippog's ghost (journeyman SpEn)
 17151 | D:13     | Identified the +5 spear "Xatelicu" {venom, rC- rN+ Int+6}
 17211 | D:13     | HP: 4/108 [skeletal warrior/+0 halberd[a skeletal warrior]
                  | (16)]
 17832 | D:13     | Killed Ippog's ghost
 17832 | D:13     | Received a gift from Okawaru
 18546 | D:14     | Found a gate to the Vaults.
 18695 | D:14     | Reached skill level 10 in Invocations
 19060 | D:14     | Noticed a fire dragon
 19124 | D:14     | Noticed a rakshasa
 19136 | D:14     | Killed a rakshasa
 19153 | D:14     | Killed a fire dragon
 19421 | D:15     | Entered Level 15 of the Dungeon
 19460 | D:15     | Reached XP level 14. HP: 116/116 MP: 18/21
 19472 | D:15     | Received a gift from Okawaru
 20033 | D:14     | Reached skill level 15 in Dodging
 20997 | D:15     | Found a staircase to the Depths.
 21321 | Lair:1   | Entered Level 1 of the Lair of Beasts
 22207 | Lair:2   | Reached skill level 1 in Evocations
 22238 | Lair:2   | Noticed Harold
 22245 | Lair:2   | Received a gift from Okawaru
 22274 | Lair:2   | Reached skill level 15 in Long Blades
 22297 | Lair:2   | Killed Harold
 23467 | Lair:2   | Reached XP level 15. HP: 98/124 MP: 23/23
 23697 | Lair:3   | Found a staircase to the Shoals.
 24990 | Lair:4   | Found a hole to the Spider Nest.
 26252 | Lair:5   | Found a staircase to the Slime Pits.
 26355 | Lair:5   | Found a gate leading to a gauntlet.
 26364 | Gauntlet | Entered a Gauntlet
 26364 | Gauntlet | Found a transporter.
 26585 | Gauntlet | Found a transporter.
 26587 | Gauntlet | Found a transporter.
 26601 | Gauntlet | Found a transporter.
 26612 | Gauntlet | Found a transporter.
 26630 | Gauntlet | Found a transporter.
 26641 | Gauntlet | Found a transporter.
 26653 | Gauntlet | Found a transporter.
 26668 | Gauntlet | Found a runed translucent door.
 26668 | Gauntlet | Found a runed translucent door.
 26672 | Gauntlet | Found a transporter.
 26686 | Gauntlet | Found a transporter.
 26686 | Gauntlet | Found a transporter.
 26735 | Gauntlet | Found a transporter.
 26749 | Gauntlet | Found a transporter.
 26792 | Gauntlet | Found a transporter.
 26883 | Gauntlet | Gained mutation: You are occasionally teleported next to
                  | monsters. [a neqoxec]
 26884 | Gauntlet | Gained mutation: You are clumsy. (Dex -2) [a neqoxec]
 26918 | Gauntlet | Identified the amulet "Hucytuaso" {Acrobat Rampage Int+4
                  | Slay+2}
 27070 | Gauntlet | Identified the +1 glaive of Overwhelming Force {vorpal, rC+
                  | Will+ Str-5 Int+4} (Okawaru gifted it to you in a Gauntlet)
 27070 | Gauntlet | Received a gift from Okawaru
 27075 | Gauntlet | Identified the +0 pair of gloves of Carunloku {rC+}
 27097 | Gauntlet | Identified the +5 shortbow "Axtil" {venom, rElec rN+ Str+2
                  | Int-5}
 27102 | Gauntlet | Reached skill level 5 in Evocations
 27107 | Gauntlet | Identified the +1 dire flail "Raeruirgh" {vorpal, Fly rC-
                  | Int+2 SInv}
 28116 | Lair:6   | Entered Level 6 of the Lair of Beasts
 28180 | Lair:6   | Received a gift from Okawaru
 28625 | Lair:6   | Found a large runed translucent door.
 28625 | Lair:6   | Found a large runed translucent door.
 29021 | Lair:6   | Reached XP level 16. HP: 105/134 MP: 24/24
 30548 | Orc:1    | Entered Level 1 of the Orcish Mines
 30558 | Orc:1    | Received a gift from Okawaru
 30574 | Orc:1    | Noticed Erica
 30580 | Orc:1    | Killed Erica
 30582 | Orc:1    | Lost mutation: You are clumsy. (Dex -2) [potion of
                  | mutation]
 30582 | Orc:1    | Lost mutation: You are occasionally teleported next to
                  | monsters. [potion of mutation]
 30582 | Orc:1    | Gained mutation: You expend magic power (3 MP) to
                  | strengthen your wands. [potion of mutation]
 30582 | Orc:1    | Gained mutation: Your flesh is cold resistant. (rC+)
                  | [potion of mutation]
 30772 | Orc:2    | Entered Level 2 of the Orcish Mines
 30931 | Orc:2    | Noticed Donald
 30949 | Orc:2    | Killed Donald
 31277 | Orc:2    | Found Mempiff's Antique Armour Boutique.
 31279 | Orc:2    | Found a staircase to the Elven Halls.
 31345 | Orc:2    | Paralysed by an orc sorcerer for 7 turns
 31350 | Orc:2    | HP: 4/128 [ynoxinul[an orc warlord] (3)]
 31350 | Orc:2    | Slain by a chaos spawn

Illustrated notes

Levels and vault maps discovered:
D:1:      ncdulo_smallfort, layout_basic, shapermc_ecumenical_altar_notcrosses,
          minmay_strange_pillars
D:2:      layout_basic
D:3:      layout_basic, elyvilon_altar_3, nzn_wu_jian_council_hall,
          minmay_fractal_squares_gapless_5
D:4:      layout_loops_ring
D:5:      layout_basic, minitemple, minmay_temple_entry_offerings
D:6:      layout_basic, general_overflow_altar, portal_sewer_entry_d
D:7:      layout_loops_ring, zin_purify, minmay_three_doors
D:8:      layout_basic
D:9:      layout_cross, slow_altar_1, david_lair_generic, uniq_gastronok,
          uniq_maurice, uniq_prince_ribbit1
D:10:     layout_basic, amcnicky_altar_gilded, uniq_urug, uniq_erolcha,
          uniq_maggie
D:11:     layout_small_grid, david_orc_5, guppyfry_shop_earth
D:12:     layout_basic
D:13:     layout_roguey, ebering_ghost_funeral_grove, uniq_frances, uniq_nessos,
          uniq_kirke
D:14:     layout_roguey, david_vaults_1
D:15:     grunt_enter_depths_hoard, layout_basic, serial_glass, glass_columns_b,
          glass_columns_a
Temple:   cyrus_circular_temple
Lair:1:   layout_misc_corridors, infiniplex_staircase_pool_2
Lair:2:   layout_chaotic_city, grunt_megastairs_4, serial_bayou_shore_b,
          uniq_harold
Lair:3:   layout_long_grid, minmay_shoals_entry_lonely_mermaid,
          serial_bayou_shore_b, infiniplex_staircase_pool, lemuel_fruit_fields,
          lemuel_fruit_fields
Lair:4:   layout_cave_pods, nicolae_spider_entry_orb_guardian,
          grunt_megastairs_3
Lair:5:   layout_cave_shapes, minmay_slime_entry_pillars,
          gauntlet_entry_generic, minivault_11, serial_bayou_shore_b
Lair:6:   cheibrodos_lair_end_hotspot, layout_loops_ring
Orc:1:    layout_caves, uniq_erica
Orc:2:    grunt_orc_community_town_hall, layout_caves,
          grunt_orc_community_big_house_1, grunt_orc_community_big_house_1,
          grunt_orc_community_house_1, grunt_orc_community_house_1,
          grunt_orc_community_house_3, grunt_orc_community_house_2,
          grunt_orc_community_house_2, serial_shops,
          nicolae_shop_window_shopping, basic_altar, uniq_donald

Skill      XL: |  1  2  3  4  5  6  7  8  9 10 11 12 13 14 15 16 |
---------------+-------------------------------------------------+-----
Polearms       | 5 6 7 8 10 | 10.8
Fighting       | 3 4 5 7 8 9 10 11 12 13 14 | 14.6
Dodging        | 5 6 7 9 10 11 12 13 14 15 16 17 | 17.1
Long Blades    | 5 7 10 12 13 15 16 17 | 17.2
Invocations    | 3 5 7 8 10 | 10.7
Evocations     | 3 5 6 |  6.6
Throwing       | |  2.0

Action                   |  1- 3 |  4- 6 |  7- 9 | 10-12 | 13-15 | 16-18 || total
-------------------------+-------+-------+-------+-------+-------+-------++-------
Melee: Trident           |   128 |   158 |   342 |       |       |       ||   628
       Tailslap          |     1 |     1 |     3 |       |       |       ||     5
       Triple sword      |       |       |    25 |   336 |   759 |   186 ||  1306
       Punch             |       |       |     2 |       |       |       ||     2
Throw: Dart              |       |       |       |     3 |       |       ||     3
Invok: Heroism           |       |       |     2 |     8 |    22 |     1 ||    33
       Finesse           |       |       |       |     1 |     5 |       ||     6
Evoke: Wand              |       |       |       |     4 |    13 |       ||    17
  Use: Potion            |       |       |     5 |       |     7 |     5 ||    17
       Scroll            |       |       |     2 |     2 |    27 |       ||    31
 Stab: Sleeping          |     2 |     1 |     1 |       |       |       ||     4
       Paralysed         |       |       |       |       |    14 |       ||    14
       Distracted        |       |       |       |       |     2 |       ||     2
       Invisible         |       |       |       |       |     5 |       ||     5
Armor: Leather armour    |    32 |    39 |    91 |    94 |       |       ||   256
       Skin              |       |       |    27 |       |       |       ||    27
       Steam dragon scal |       |       |       |    68 |   237 |    39 ||   344
Dodge: Dodged            |    59 |    84 |   214 |   414 |  1048 |   212 ||  2031
       Rpst.: Triple sword |       |       |     7 |    75 |   253 |    45 ||   380

Table legend: (Time is in decaauts)
 A = Elapsed time spent in this place.
 B = Non-inter-level travel time spent in this place.
 C = Inter-level travel time spent in this place.
 D = Time resting spent in this place.
 E = Time spent auto-exploring this place.
 F = Levels seen in this place.
 G = Mean time per level.
                   A        B        C        D        E       F      G
               +--------+--------+--------+--------+--------+-----+--------+
         Total |  31399 |  30143 |   1256 |   2129 |  22008 |  26 | 1207.7 |
       Dungeon |  20924 |  19936 |    988 |   1335 |  14745 |  15 | 1394.9 |
        Temple |     62 |     52 |     10 |      0 |     44 |   1 |   62.0 |
          Lair |   8191 |   7942 |    249 |    236 |   6087 |   6 | 1365.2 |
  Orcish Mines |    801 |    793 |      8 |      0 |    562 |   2 |  400.5 |
         Sewer |    420 |    420 |      0 |    166 |    158 |   1 |  420.0 |
      Gauntlet |    998 |    998 |      0 |    392 |    412 |   1 |  998.0 |
               +--------+--------+--------+--------+--------+-----+--------+

Top non-repeatable levels by time:
    D:13: 2846 daAuts
  Lair:6: 2289 daAuts
  Lair:4: 1770 daAuts
     D:8: 1753 daAuts
    D:15: 1635 daAuts
     D:5: 1616 daAuts
     D:6: 1578 daAuts
    D:10: 1419 daAuts
    D:14: 1396 daAuts
     D:9: 1380 daAuts
  Lair:2: 1287 daAuts
     D:4: 1241 daAuts
    D:11: 1201 daAuts
    D:12: 1130 daAuts
     D:3: 1049 daAuts
